 Dungeon Crawl Stone Soup version 0.22-a0-750-ga7dcef7 (webtiles) character file.

8 Amnesiac the Digger (level 2, 15/19 HPs)
             Began as a Demonspawn Earth Elementalist on July 16, 2018.
             Quit the game on level 2 of the Dungeon.
             The game lasted 00:00:55 (288 turns).

Amnesiac the Digger (Demonspawn Earth Elementalist)  Turns: 288, Time: 00:00:55

Health: 15/19      AC:  2    Str:  8    XL:     2   Next: 0%
Magic:  1/5        EV: 12    Int: 16    God:
Gold:   9          SH:  0    Dex: 13    Spells: 4/5 levels left

rFire    . . .     SeeInvis .   g - +0 dagger
rCold    . . .     Gourm    .   (no shield)
rNeg     . . .     Faith    .   c - +0 robe
rPois    .         Spirit   .   (helmet restricted)
rElec    .         Reflect  .   (no cloak)
rCorr    .         Harm     .   (no gloves)
MR       .....                  (no boots)
Stlth    ++........             (no amulet)
HPRegen  0.06/turn              f - ring of flight
MPRegen  0.09/turn              (no ring)

@: no status effects
A: horns 1
a: Evoke Flight


You were on level 2 of the Dungeon.
You were not hungry.

You visited 1 branch of the dungeon, and saw 2 of its levels.

You collected 9 gold pieces.

Inventory:

Hand Weapons
 g - a +0 dagger (weapon)
Missiles
 b - 54 stones (quivered)
Armour
 c - a +0 robe (worn)
Jewellery
 f - a ring of flight (left hand)
Scrolls
 a - 2 scrolls of identify {!r, unknown}
 e - a scroll of fear {!r, unknown}
Comestibles
 d - a ration
 h - 4 chunks of flesh


   Skills:
 - Level 2.0 Dodging
 - Level 2.0 Stealth
 + Level 2.3 Spellcasting
   Level 0.8 Transmutations
 - Level 2.6 Earth Magic


You had 4 spell levels left.
You knew the following spells:

 Your Spells              Type           Power        Failure   Level  Hunger
a - Sandblast             Erth           ##....       7%          1    #......

Your spell library contained the following spells:

 Spells                   Type           Power        Failure   Level  Hunger
 Stone Arrow              Conj/Erth      #.....       34%         3    ###....
 Passwall                 Tmut/Erth      #.......     14%         2    ###....
 Lee's Rapid Deconstruct  Erth           ##........   88%         5    ######.
 Petrify                  Tmut/Erth      #.......     67%         4    #####..


Dungeon Overview and Level Annotations

Branches:
Dungeon (2/15)

Altars:
Xom


Innate Abilities, Weirdness & Mutations

You have a pair of small horns on your head.


Message History

You see here a rat skeleton.
You start resting.
HP restored.
You start resting.
HP restored.
You see here a rat skeleton.
There is an escape hatch in the floor here.
You slide downwards.
The hatch slams shut behind you.
An adder, an ooze, a goblin and a hobgoblin come into view.
The ooze quivers.
Found a stone staircase leading up.
A giant cockroach comes into view.
Found an escape hatch in the floor.
Found a stone staircase leading down.
A hobgoblin comes into view. It is wielding a club.
The hobgoblin shouts!
You hear an angry hiss.
You hear a shout!
Found a stone staircase leading down.
Casting: Sandblast (safe; 7% risk of failure)
Confirm with . or Enter, or press ? or * to list all spells.
Aiming: Sandblast (safe; 7% risk of failure)
Press: ? - help, Shift-Dir - straight line, f - giant cockroach
Aim: a giant cockroach The blast of sand misses the giant cockroach.
b - 56 stones
Casting: Sandblast (safe; 7% risk of failure)
Confirm with . or Enter, or press ? or * to list all spells.
Aiming: Sandblast (safe; 7% risk of failure)
Press: ? - help, Shift-Dir - straight line, f/p - giant cockroach
Aim: a giant cockroach The blast of sand hits the giant cockroach.
You kill the giant cockroach!
Training target 2.0 for Dodging reached!
Your Dodging skill increases to level 2!
b - 55 stones
Casting: Sandblast (safe; 7% risk of failure)
Confirm with . or Enter, or press ? or * to list all spells.
Aiming: Sandblast (safe; 7% risk of failure)
Press: ? - help, Shift-Dir - straight line, f - hobgoblin
Aim: a hobgoblin, wielding a club The blast of sand hits the hobgoblin.
You kill the hobgoblin!
b - 54 stones You start resting.
A rat comes into view.
A rat is nearby!
You barely miss the rat. The rat bites you.
The adder hisses angrily.
You hit the rat.
You kill the rat!
You have reached level 2!
Your demonic ancestry asserts itself...
A pair of horns grows on your head!
Quiver which item? (- for none, * to show all) (? for menu, Esc to quit)
You don't have any such object.
Quiver which item? (- for none, * to show all) (? for menu, Esc to quit)
Huh?
Quiver which item? (- for none, * to show all) (? for menu, Esc to quit)
You don't have any such object.
Quiver which item? (- for none, * to show all) (? for menu, Esc to quit)
That's the wrong kind of item! (Use * to select it.) Quiver which item? (- for none, * to show all) (? for menu, Esc to quit)
You don't have any such object.
Quiver which item? (- for none, * to show all) (? for menu, Esc to quit)
Okay, then.
Are you sure you want to abandon this character and quit the game? (Confirm with "yes".)

..g....##.
g.............
..SJ.........>
#.....# #.....
##...# #...... #.#.
#..# ##S..>...
..<..##.## #..>.....
#......#####........
#.........##@.......
#..######...........
#. ###......... #
##........ ##.......
....... .......
....... .....


You could see an adder.

Vanquished Creatures
  A bat (D:1)
  A giant cockroach (D:2)
  A goblin (D:1)
  2 hobgoblins
  2 rats
7 creatures vanquished.

Notes
Turn   | Place    | Note
-------+----------+-------------------------------------------
     0 | D:1      | Amnesiac the Demonspawn Earth Elementalist began the quest for the Orb.
     0 | D:1      | Reached XP level 1. HP: 13/13 MP: 3/3
    39 | D:1      | Found a shimmering altar of Xom.
   287 | D:2      | Gained mutation: You have a pair of small horns on your head. [demonic ancestry]
   287 | D:2      | Reached XP level 2. HP: 15/19 MP: 1/5
   288 | D:2      | Quit the game

Vault maps used:
D:1:      dpeg_arrival_round_c, hex_tiny, xom_teletrap_fun
D:2:      nicolae_qazlal_eye_of_the_storm

Skill      XL: |  1 |
---------------+----+-----
Stealth        | 2 |  2.0
Dodging        | 2 |  2.0
Spellcasting   | |  2.3
Transmutations | |  0.8
Earth Magic    | |  2.6

Action                   || total
-------------------------++-------
Melee: Unarmed           ||    12
       Dagger            ||     6
 Cast: Sandblast         ||     6
Armor: Robe              ||     2
Dodge: Dodged            ||    11

Table legend:
 A = Spawn XP
 B = Non-spawn XP
 C = Spawn XP percentage of total XP
 D = Spawn monster count
 E = Non-spawn monster count
 F = Spawn count percentage of total count
 G = Total turns spent on level
                    A         B        C        D         E        F      G
               +---------+---------+-------+---------+---------+-------+---------
         Total |       0 |      12 |   0.0 |       0 |       7 |   0.0 |   288
               +---------+---------+-------+---------+---------+-------+---------
           D:1 |       0 |       7 |   0.0 |       0 |       4 |   0.0 |   260
           D:2 |       0 |       5 |   0.0 |       0 |       3 |   0.0 |    28
               +---------+---------+-------+---------+---------+-------+---------
